 Dungeon Crawl Stone Soup version 0.18.1-6-gd335043 (webtiles) character file.

54 FitzyFitz the Slasher (level 3, 0/29 HPs)
             Began as a Demigod Warper on May 16, 2016.
             Slain by a gnoll
             ... wielding a +0 spear
              (8 damage)
             ... on level 2 of the Dungeon.
             The game lasted 00:03:51 (1544 turns).

FitzyFitz the Slasher (Demigod Warper)              Turns: 1544, Time: 00:03:51

Health: 0/29       AC:  3    Str: 14    XL:     3   Next: 44%
Magic:  6/8        EV: 12    Int: 19    God:
Gold:   54         SH:  0    Dex: 15    Spells: 2 memorised, 2 levels left

rFire  + . .     SeeInvis .     d - +0 short sword (elec)
rCold  + . .     Gourm    .     i - +0 robe {rC+ rF+}
rNeg   . . .     Faith    .     (no shield)
rPois  .         Spirit   .     (no helmet)
rElec  .         Dismiss  .     (no cloak)
rCorr  .         Reflect  .     (no gloves)
SustAt +         Harm     .     k - +0 pair of boots
MR     .....                    (no amulet)
Stlth  +.........               (no ring)
                                (no ring)

@: not resistant to hostile enchantments, very unstealthy
A: high mp 1, sustain attributes
a: no special abilities


You were on level 2 of the Dungeon.
You were not hungry.

You visited 1 branch of the dungeon, and saw 2 of its levels.

You collected 54 gold pieces.

Inventory:

Hand Weapons
 a - a +0 falchion
 d - a +0 short sword of electrocution (weapon)
 p - a +2 dagger of draining
 r - a +2 whip of holy wrath
Missiles
 e - 5 tomahawks of dispersal
 l - 41 sling bullets
 m - 21 bolts
 q - 4 tomahawks (quivered)
Armour
 b - a +0 leather armour
 i - a +0 robe of resistance (worn)
 k - a +0 pair of boots (worn)
Scrolls
 j - a scroll of noise {unknown}
 n - a scroll of enchant armour {unknown}
Potions
 h - a potion of curing {unknown}
 o - a potion of flight {unknown}
 s - a potion of mutation {unknown}
Books
 c - a book of Spatial Translocations

   Spells                             Type                      Level
   a - Apportation                    Translocation                1
   b - Blink                          Translocation                2
   c - Shroud of Golubria             Charms/Translocation         2
   d - Portal Projectile              Translocation                3
   e - Teleport Other                 Translocation                3
   f - Passage of Golubria            Translocation                4
Comestibles
 f - 4 bread rations
 g - 2 beef jerkies


   Skills:
 - Level 1.7 Fighting
 + Level 3.6 Long Blades
 - Level 0.8 Throwing
 - Level 0.8 Armour
 - Level 1.7 Dodging
 - Level 1.7 Spellcasting
 - Level 2.6 Translocations


You had 2 spell levels left.
You knew the following spells:

 Your Spells              Type           Power        Failure   Level  Hunger
a - Apportation           Tloc           ##........   8%          1    #......
b - Blink                 Tloc           N/A          10%         2    ###....


Dungeon Overview and Level Annotations

Branches:
Dungeon (2/15)


Innate Abilities, Weirdness & Mutations

You have an increased reservoir of magic (+10% MP).
Your attributes are resistant to harm.


Message History

The gnoll is almost dead.
The gnoll hits you.
You barely miss the gnoll.
The gnoll is almost dead.
The gnoll shouts!
You hear a shout!
The gnoll closely misses you.
The gnoll hits you from afar with a spear!
You hit the gnoll.
You kill the gnoll!
The gnoll hits you from afar with a spear.
* * * LOW HITPOINT WARNING * * *
Drink which item? (? for menu, Esc to quit)
Okay, then.
Unknown command.
Unknown command.
Casting: Apportation
Confirm with . or Enter, or press ? or * to list all spells.
You blink.
The gnoll hits you from afar with a spear!
You die...

############
...........#
#####.####.#######
...##..).........##
....#..#.#.#.#.#..#
....#..#.#.#÷#.#@.####
....#..#.#.#.#.#..g..#
....#..#.#.#.#.#.###§#
##.##..#.#.#.#.#†# #.#
.................# #.#
............g.>.## #.#
...#............# #.#
####.#####.##..## #.#
...#.# #...#..# #.#


You could see a gnoll.

Vanquished Creatures
  A gnoll (D:2)
  An adder (D:2)
  An ooze (D:1)
  A dart slug (D:2)
  2 ball pythons (D:1)
  3 hobgoblins
  3 jackals (D:1)
  4 kobolds
  A bat (D:2)
  A giant newt (D:1)
  7 goblins
  2 rats (D:2)
27 creatures vanquished.

Notes
Turn   | Place    | Note
--------------------------------------------------------------
     0 | D:1      | FitzyFitz the Demigod Warper began the quest for the Orb.
     0 | D:1      | Reached XP level 1. HP: 17/17 MP: 5/5
   104 | D:1      | Reached skill level 2 in Long Blades
   197 | D:1      | Reached XP level 2. HP: 21/24 MP: 7/7
   752 | D:1      | Reached skill level 3 in Long Blades
   965 | D:1      | Learned a level 2 spell: Blink
  1247 | D:2      | Reached XP level 3. HP: 21/29 MP: 8/8
  1480 | D:2      | Found a blossoming altar of Fedhas.
  1544 | D:2      | Slain by a gnoll

Skill      XL: |  1  2 |
---------------+-------+-----
Long Blades    | 2 3 |  3.6
Fighting       | |  1.7
Throwing       | |  0.8
Armour         | |  0.8
Dodging        | |  1.7
Spellcasting   | |  1.7
Translocations | |  2.6

Action                   || total
-------------------------++-------
Melee: Falchion          ||    45
       Short sword       ||    38
Throw: Tomahawk          ||     1
 Cast: Blink             ||     1
  Use: Scroll            ||     1
 Stab: Sleeping          ||     1
  Eat: Chunk             ||     2
Armor: Robe              ||    15
       Leather armour    ||     1
Dodge: Dodged            ||    53
